 Dungeon Crawl Stone Soup version 0.31-a0-466-g98c9adc2b6 (webtiles) character file.

Game seed: 7154644054046786531

67106 avis the Ripper (level 14, 0/84 HPs)
             Began as a Felid Shapeshifter on Aug 5, 2023.
             Was the Champion of Jiyva.
             Slain by a dire elephant (9 damage)
             ... on level 1 of the Vaults.
             The game lasted 02:20:28 (22094 turns).

avis the Ripper (Felid Shapeshifter)               Turns: 22094, Time: 02:20:28

Health: 0/84       AC: 11    Str: 21    XL:     14   Next: 33%
Magic:  15/15      EV: 26    Int: 17    God:    Jiyva [******]
Gold:   2004       SH:  0    Dex: 27    Spells: 13/13 levels left
                                        Lives:  0   Deaths: 4

rFire   + .          .
                       - Unarmed
rCold   + . .        (shield unavailable)
rNeg    + + +        (body armour unavailable)
rPois   .            (helmet unavailable)
rElec   .            (cloak unavailable)
rCorr   +            (gloves unavailable)
SInv    +            (boots unavailable)
Will    ++...        H - amulet of regeneration
Stlth   +++++        j - ring "Fifaoble" {Fly rF+ rC+ Str+4}
HPRegen 2.74/turn    o - ring "Boevvaif" {*Slow rN+++ Str+2 Int+6 Stlth+}
MPRegen 0.64/turn

%: slow self (1%), clarity
@: snake-form, flying, studying 4 skills
A: constrict, boosted hp, large, (claws 1), (fangs 3), see invisible, (speed 1),
(shaggy fur 3), (stealthy paws), no weapons or thrown items, no armour,
multi-lived, (antennae 1), agile 2, clarity, clever 1, (cold resistance 3), wild
magic 1, (translucent skin 2), (jelly sensing items)
}: 1/15 runes: slimy
a: Begin Untransformation, Renounce Religion, Oozemancy, Slimify


You were on level 1 of the Vaults.
You worshipped Jiyva.
Jiyva was exalted by your worship.
You were an enormous anaconda.
You visited 6 branches of the dungeon, and saw 29 of its levels.
You also visited: Trove and Bailey.

You collected 2468 gold pieces.
You spent 464 gold pieces at shops.

Inventory:

Jewellery
 c - a +6 ring of strength
 j - the ring "Fifaoble" (left hand) {Fly rF+ rC+ Str+4}
   (You acquired it in a bailey)

   [ring of flight]

   Str:       It affects your strength (+4).
   rF:        It protects you from fire.
   rC:        It protects you from cold.
   Fly:       It grants you flight.
 o - the ring "Boevvaif" (right hand) {*Slow rN+++ Str+2 Int+6 Stlth+}
   (You found it on level 3 of the Dungeon)

   [ring of intelligence]

   Str:       It affects your strength (+2).
   Int:       It affects your intelligence (+6).
   rN:        It renders you almost immune to negative energy.
   *Slow:     It may slow you when you take damage.
   Stlth:     It makes you more stealthy.
 q - an amulet of faith
 v - a ring of poison resistance
 F - an amulet of reflection
 H - an amulet of regeneration (around neck)
 I - a +4 ring of protection
 J - a ring of flight
 M - the amulet "Huest" {RegenMP rElec rF++ Will- Dex+3}
   (You found it on level 13 of the Dungeon)

   [amulet of magic regeneration]

   It increases your rate of magic regeneration.
   Dex:       It affects your dexterity (+3).
   rF:        It greatly protects you from fire.
   rElec:     It insulates you from electricity.
   Will:      It decreases your willpower.
 O - a ring of wizardry
 P - the ring of Dim Light {rF+ Will+ Stlth+}
   (You found it in a treasure trove)

   [ring of willpower]

   rF:        It protects you from fire.
   Will:      It increases your willpower.
   Stlth:     It makes you more stealthy.
 R - a ring of protection from cold
 S - a ring of poison resistance
Talismans
 b - a beast talisman
 L - a serpent talisman (active)
Wands
 f - a wand of flame (18)
 h - a wand of roots (14)
 p - a wand of charming (11)
 y - a wand of polymorph (5)
 N - a wand of quicksilver (6)
Scrolls
 a - 3 scrolls of enchant weapon {unknown}
 d - 3 scrolls of torment {unknown}
 g - 2 scrolls of fog {unknown}
 i - 2 scrolls of brand weapon {unknown}
 l - 2 scrolls of blinking {unknown}
 m - 14 scrolls of teleportation
 n - 2 scrolls of enchant armour {unknown}
 r - 4 scrolls of amnesia
 s - 4 scrolls of revelation {unknown}
 t - 3 scrolls of fear {unknown}
 C - 2 scrolls of immolation {unknown}
 K - 2 scrolls of poison {unknown}
Potions
 e - 3 potions of brilliance
 k - 2 potions of cancellation
 u - a potion of enlightenment
 x - 9 potions of curing
 z - 3 potions of lignification
 A - a potion of might
 B - 4 potions of invisibility
 G - a potion of mutation
 Q - a potion of haste
Miscellaneous
 w - a box of beasts
 D - a lightning rod (4/4)
 E - a phantom mirror


   Skills:
 + Level 13.4 Fighting
 + Level 17.0 Dodging
 + Level 7.8 Stealth
 + Level 18.1 Unarmed Combat
 * Level 12.1 Shapeshifting


You had 13 spell levels left.
You didn't know any spells.
Your spell library contained the following spells:

 Spells                   Type           Power      Damage    Failure   Level
 Foxfire                  Conj/Fire      0%         2x1d4     32%         1
 Sting                    Tmut/Pois      0%         1d3       32%         1
 Cigotuvi's Dreadful Rot  Necr/Pois/Air  0%         N/A       43%         2
 Poisonous Vapours        Pois/Air       0%         N/A       43%         2
 Ignite Poison            Fire/Tmut/Pois 0%         N/A       65%         3
 Inner Flame              Hex/Fire       0%         N/A       65%         3
 Summon Guardian Golem    Hex/Summ       0%         N/A       65%         3
 Animate Dead             Necr           0%         N/A       96%         4
 Flame Wave               Conj/Fire      0%         2d4       96%         4
 Leda's Liquefaction      Hex/Erth       0%         N/A       96%         4
 Olgreb's Toxic Radiance  Pois           0%         N/A       96%         4
 Sticky Flame             Conj/Fire      0%         2d3       96%         4
 Freezing Cloud           Conj/Ice/Air   0%         6-21      100%        5
 Irradiate                Conj/Tmut      0%         3d11      100%        5
 Lee's Rapid Deconstruct  Erth           0%         3d4*      100%        5
 Eringya's Noxious Bog    Tmut/Pois      0%         4d6       100%        6
 Leda's Unmaking          Conj/Erth      0%         9d1       100%        6
 Plasma Beam              Fire/Air       0%         2x1d10    100%        6
 Starburst                Conj/Fire      0%         6d3       100%        6
 Orb of Destruction       Conj           0%         9d5       100%        7
 Spellforged Servitor     Conj/Summ      0%         N/A       100%        7
 Lehudib's Crystal Spear  Conj/Erth      0%         10d2      100%        8
 Death's Door             Necr           0%         N/A       100%        9


Dungeon Overview and Level Annotations

Branches:
Dungeon (15/15)            Temple (1/1) D:6            Lair (5/5) D:9
  Swamp (0/4) Lair:3        Snake (0/4) Lair:2        Slime (5/5) Lair:5
    Orc (2/2) D:10            Elf (0/3) Orc:2        Vaults (1/5) D:14
 Depths (0/4) D:15         Bailey (visited)

Altars:
Ashenzari
Cheibriados
Dithmenos
Elyvilon
Fedhas
Gozag
Hepliaklqana
Kikubaaqudgha
Makhleb
Nemelex Xobeh
Okawaru
Qazlal
Ru
Sif Muna
Trog
Uskayaw
Vehumet
Wu Jian
Xom
Yredelemnul
Zin
The Shining One
Ignis
Jiyva
Lugonu

Shops:
D:9 :   D:10 **   D:12 (   Orc:2 :!:[(

Annotations:
Slime:5 Royal Jelly


Innate Abilities, Weirdness & Mutations

You are an enormous anaconda.
You have a powerful constriction melee attack.
Your maximum health is increased.
((You have sharp claws.))
((You have razor-sharp teeth.))
You have supernaturally acute eyesight. (SInv)
((You cover ground quickly. (Speed+)))
((Your thick and shaggy fur keeps you warm. (AC +3, rC+)))
((Your paws help you pounce on unaware monsters.))
You are incapable of wielding weapons or throwing items.
You cannot wear armour.
You gain extra lives every three experience levels.
((You have a pair of small antennae on your head.))
You are very agile. (Dex +8, Str/Int -2)
You possess an exceptional clarity of mind.
Your mind is acute. (Int +4, Str/Dex -1)
((Your flesh is almost immune to the effects of cold. (rC+++)))
Your spells are a little harder to cast, but a little more powerful.
((Your translucent skin reduces your foes' accuracy. (Stealth+)))
((You have a small jelly attached to you that senses nearby items.))


Message History

Your azure jelly hits the dire elephant but does no damage. x2
Your azure jelly hits the dire elephant!
Your azure jelly barely misses the dire elephant.
You hit the dire elephant.
The dire elephant is heavily wounded.
The dire elephant completely misses you.
The dire elephant trunk-slaps you but does no damage.
The dire elephant tramples you!!
* * * LOW HITPOINT WARNING * * *
You shudder from the blow and a jelly pops out!
You are shoved backwards!
Your azure jelly hits the dire elephant but does no damage. x2
Your azure jelly hits the dire elephant!
Your azure jelly hits the dire elephant but does no damage.
You swap places.
Your quicksilver ooze barely misses the dire elephant.
Your quicksilver ooze hits the dire elephant.
Your azure jelly hits the dire elephant but does no damage. x2
Your azure jelly hits the dire elephant!
Your azure jelly hits the dire elephant but does no damage.
The dire elephant tramples your azure jelly!!
Your azure jelly stumbles backwards!
The dire elephant tramples the formless jellyfish!
The formless jellyfish stumbles backwards!
You hit the dire elephant.
The dire elephant is lightly wounded.
You body-slam the dire elephant!!
The dire elephant is moderately wounded.
Your quicksilver ooze hits the dire elephant!
Your quicksilver ooze engulfs the dire elephant!
Your quicksilver ooze hits the dire elephant!
Your azure jelly hits the dire elephant but does no damage.
Your azure jelly hits the dire elephant.
Your azure jelly freezes the dire elephant!!!
The dire elephant dies!
The formless jellyfish barely misses the dire elephant.
The dire elephant tramples you!
* * * LOW HITPOINT WARNING * * *
You hold your ground!
The dire elephant trunk-slaps you!
You die...

.#.#.#.#.#.#.....#
#...
#.#.#.#.#.##.....#
#...
.#.#...#.#.'.....#
#...
############.....#
#... #.....# #...
#.....# ####'
#.....# #....
#....J# +....
#J..YS# #....
#...J.# #....
#...T.# #....
#.....# #....
#.....# +....
#.....# #....
#.....# #####
#.....# #......


You could see a dire elephant (asphyxiating, ally target), a deep troll, a
neutral formless jellyfish (distracted) (fellow slime), a friendly azure jelly
(summoned) and a friendly quicksilver ooze (summoned).

Vanquished Creatures
  Frances (D:13)
  5 ironbound preservers (Vaults:1)
  An orc warlord (Bailey)
  Josephine (D:10)
  The ghost of MrSquiggles the Basher, a journeyman HuWn of Kikubaaqudgha (Orc:2)
  A yaktaur captain (Vaults:1)
  7 vault guards (D:14)
  6 centaur warriors
  3 hydras
  An ironbound frostheart (Vaults:1)
  3 two-headed ogres
  3 catoblepae
  4 death yaks (Lair:5)
  4 boulder beetles
  3 orc high priests
  A storm dragon zombie (D:15)
  4 skeletal warriors (D:15)
  3 deep trolls (Vaults:1)
  2 lindwurms (Vaults:1)
  An obsidian statue (Lair:1)
  An ironbound convoker (Vaults:1)
  A necromancer (D:15)
  A salamander (Lair:2)
  4 orc sorcerers (Orc:2)
  A deep elf pyromancer (D:15)
  A stone giant zombie (D:15)
  4 manticores
  9 ugly things (D:15)
  6 cyclopes
  4 black mambas
  2 elephants (Lair:4)
  4 unseen horrors
  4 cane toads
  2 torpor snails
  8 komodo dragons
  2 rime drakes
  Maggie (D:6)
  2 kobold demonologists
  3 yaktaurs (Vaults:1)
  3 polar bears
  7 trolls
  Grinder (D:4)
  2 dream sheep (Lair:2)
  4 blink frogs (Lair:5)
  2 shadows (D:12)
  6 wraiths
  73 yaks
  6 basilisks
  4 steam dragons
  6 vampire mosquitoes
  An acid dragon (D:14)
  Duvessa (D:7)
  17 water moccasins
  A sky beast (D:8)
  24 orc warriors
  An ice beast (D:6)
  12 ogres
  11 wolves
  15 centaurs
  2 phantoms
  4 kobold brigands
  11 bullfrogs
  2 gnoll sergeants
  A scorpion (D:5)
  Dowan (D:7)
  12 killer bees
  4 howler monkeys
  An electric eel (Lair:1)
  A lava snake (Lair:2)
  A hound (D:5)
  20 orc priests
  4 iguanas
  A sleepcap (D:5)
  40 orc wizards
  6 hell rats (Lair:1)
  8 gnolls
  5 adders
  An ufetubus (D:6)
  A worm (D:2)
  3 dart slugs
  68 orcs
  6 bats
  6 endoplasms
  9 goblins
  6 hobgoblins
  8 jackals
  4 quokkas
  5 ball pythons
  4 frilled lizards
  3 giant cockroaches
  15 kobolds
  7 rats
582 creatures vanquished.

Vanquished Creatures (collateral kills)
  Agnes (D:15)
  A caustic shrike zombie (D:15)
  The ghost of Zoekh the Fighter, a journeyman DsCK of Xom (Lair:4)
  A dire elephant (Vaults:1)
  A hydra (Lair:5)
  A centaur warrior (D:13)
  A catoblepas (Lair:5)
  4 death yaks
  A skyshark (Lair:2)
  A skeletal warrior (D:15)
  A flayed ghost (D:15)
  A harpy (Vaults:1)
  2 lindwurms (Lair:5)
  6 elephants (Lair:4)
  A torpor snail (Lair:2)
  A spriggan zombie (D:15)
  A vault sentinel (Vaults:1)
  Joseph (Lair:1)
  2 black mambas (Lair:2)
  A komodo dragon (Lair:3)
  A rime drake (Lair:2)
  A yaktaur (Vaults:1)
  A polar bear (Lair:3)
  A blink frog (Lair:5)
  5 dream sheep (Lair:2)
  14 yaks
  A water moccasin (Lair:2)
  4 orc warriors
  A kobold brigand (D:10)
  3 lava snakes (Lair:2)
  2 orc priests (Orc:2)
  An orc wizard (Orc:2)
  A hell rat (Lair:1)
  2 orcs (D:10)
68 creatures vanquished.

Vanquished Creatures (others)
  A vault warden (Vaults:1)
  A great orb of eyes (Vaults:1)
  A deep troll (Vaults:1)
  An ironbound convoker (Vaults:1)
  A necromancer (Vaults:1)
  A komodo dragon (Lair:1)
  A wolf spider simulacrum (D:15)
  19 slime creatures (Vaults:1)
  3 water moccasins (Lair:5)
  An ice beast (Vaults:1)
  A centaur (D:13)
  A wolf (Lair:2)
  2 bullfrogs
  44 jellies
  An orc priest (D:6)
  2 orc wizards (Orc:2)
  9 orcs
90 creatures vanquished.

Grand Total: 740 creatures vanquished

Notes
Turn   | Place    | Note
-------+----------+-------------------------------------------
     0 | D:1      | avis the Felid Shapeshifter began the quest for the Orb.
     0 | D:1      | Reached XP level 1. HP: 9/9 MP: 2/2
   131 | D:1      | Reached XP level 2. HP: 10/12 MP: 3/3
   214 | D:1      | Reached skill level 1 in Stealth
   550 | D:1      | Reached XP level 3. HP: 15/15 MP: 4/4
  1594 | D:2      | Reached XP level 4. HP: 17/19 MP: 5/5
  1959 | D:3      | Identified the ring "Boevvaif" {*Slow rN+++ Str+2 Int+6
                  | Stlth+}
  2036 | D:3      | Reached skill level 4 in Unarmed Combat
  2052 | D:3      | Reached XP level 5. HP: 9/22 MP: 6/6
  2606 | D:4      | Identified the +4 demon whip "Muiwk" {vamp, MP+9}
  3126 | D:5      | Entered Level 5 of the Dungeon
  3145 | D:5      | Noticed Grinder
  3231 | D:4      | Gained mutation: You are covered in thick fur. (AC +2)
                  | [Felid growth]
  3231 | D:4      | Reached XP level 6. HP: 27/27 MP: 7/7
  3322 | D:5      | Reached skill level 5 in Unarmed Combat
  3566 | D:4      | Paralysed by Grinder for 5 turns
  3577 | D:4      | Killed Grinder
  3578 | D:4      | Reached skill level 5 in Dodging
  3578 | D:4      | Reached XP level 7. HP: 6/31 MP: 8/8
  3878 | D:5      | Reached skill level 6 in Unarmed Combat
  4538 | D:6      | Reached XP level 8. HP: 36/36 MP: 9/9
  4542 | D:6      | Noticed Maggie
  4609 | D:6      | Reached skill level 5 in Shapeshifting
  4677 | D:6      | Reached skill level 7 in Unarmed Combat
  4911 | D:6      | Found a staircase to the Ecumenical Temple.
  4946 | Temple   | Entered the Ecumenical Temple
  5061 | Temple   | Became a worshipper of Jiyva Jyer the Shapeless
  5151 | D:6      | Gained mutation: You are partially covered in iridescent
                  | scales. (AC +2) [potion of mutation]
  5151 | D:6      | Gained mutation: You are agile. (Dex +4, Str/Int -1)
                  | [potion of mutation]
  5151 | D:6      | Gained mutation: You are dopey. (Int -2) [potion of
                  | mutation]
  5152 | D:6      | Lost mutation: You are agile. (Dex +4, Str/Int -1) [potion
                  | of mutation]
  5152 | D:6      | Lost mutation: You are partially covered in iridescent
                  | scales. (AC +2) [potion of mutation]
  5152 | D:6      | Lost mutation: You are dopey. (Int -2) [potion of mutation]
  5152 | D:6      | Gained mutation: Your body sometimes deteriorates upon
                  | taking damage. [potion of mutation]
  5152 | D:6      | Gained mutation: You passively dampen the noise of your
                  | surroundings. [potion of mutation]
  5179 | D:6      | Lost mutation: You passively dampen the noise of your
                  | surroundings. [potion of mutation]
  5179 | D:6      | Lost mutation: Your body sometimes deteriorates upon taking
                  | damage. [potion of mutation]
  5179 | D:6      | Gained mutation: You have hidden genetic defects. [potion
                  | of mutation]
  5179 | D:6      | Gained mutation: You passively dampen the noise of your
                  | surroundings. [potion of mutation]
  5266 | D:6      | Killed Maggie
  5267 | D:6      | Reached skill level 5 in Fighting
  5267 | D:6      | Reached skill level 8 in Unarmed Combat
  5267 | D:6      | Reached XP level 9. HP: 23/40 MP: 10/10
  5271 | D:6      | Gained mutation: You are dopey. (Int -2) [hidden defects]
  5721 | D:7      | Found a flagged portal.
  5733 | Bailey   | Entered a bailey
  5756 | Bailey   | Noticed an orc warlord
  5841 | Bailey   | Reached * piety under Jiyva
  5881 | Bailey   | Found a runed translucent gate.
  5883 | Bailey   | Found a runed translucent gate.
  6094 | Bailey   | Found a runed translucent gate.
  6147 | Bailey   | Killed an orc warlord
  6148 | Bailey   | Gained mutation: You do not regenerate when monsters are
                  | visible. [hidden defects]
  6148 | Bailey   | Lost mutation: You have hidden genetic defects. [hidden
                  | defects expressed]
  6165 | Bailey   | Identified the +9 spear of Qatie {heavy, rPois rC- rN++
                  | Dex+3}
  6170 | Bailey   | Acquired the ring "Fifaoble" {Fly rF+ rC+ Str+4}
  6308 | D:7      | Reached skill level 9 in Unarmed Combat
  6370 | D:7      | Noticed Duvessa
  6371 | D:7      | Noticed Dowan
  6394 | D:7      | Killed Duvessa
  6396 | D:7      | Killed Dowan
  6759 | D:8      | Reached XP level 10. HP: 45/45 MP: 11/11
  6815 | D:8      | Reached ** piety under Jiyva
  7272 | D:8      | Reached *** piety under Jiyva
  7391 | D:8      | Identified the +7 dagger of Sudden Death {freeze, rN+
                  | Int+3}
  7507 | D:8      | Lost mutation: You are dopey. (Int -2) [Jiyva's grace]
  7507 | D:8      | Lost mutation: You do not regenerate when monsters are
                  | visible. [Jiyva's grace]
  7507 | D:8      | Gained mutation: You have a small jelly attached to you
                  | that senses nearby items. [Jiyva's grace]
  7507 | D:8      | Gained mutation: You are partially covered in large bone
                  | plates. (SH +4) [Jiyva's grace]
  7507 | D:8      | Gained mutation: You are mostly covered in large bone
                  | plates. (SH +6) [Jiyva's grace]
  7507 | D:8      | Gained mutation: You are completely covered in large bone
                  | plates. (SH +8) [Jiyva's grace]
  7768 | D:9      | Reached skill level 10 in Unarmed Combat
  7773 | D:9      | Lost mutation: You are completely covered in large bone
                  | plates. (SH +8) [potion of mutation]
  7773 | D:9      | Lost mutation: You are mostly covered in large bone plates.
                  | (SH +6) [potion of mutation]
  7773 | D:9      | Lost mutation: You are partially covered in large bone
                  | plates. (SH +4) [potion of mutation]
  7773 | D:9      | Gained mutation: You are dopey. (Int -2) [potion of
                  | mutation]
  7819 | D:9      | Reached **** piety under Jiyva
  7859 | D:9      | Reached skill level 5 in Stealth
  7876 | D:9      | Found Diwaock's Book Shoppe.
  8105 | D:9      | Found a staircase to the Lair.
  8345 | Lair:1   | Entered Level 1 of the Lair of Beasts
  8345 | Lair:1   | Noticed a black mamba
  8389 | Lair:1   | Killed a black mamba
  8390 | Lair:1   | Reached skill level 10 in Dodging
  8390 | Lair:1   | Reached skill level 11 in Unarmed Combat
  8390 | Lair:1   | Reached XP level 11. HP: 50/50 MP: 12/12
  8746 | Lair:1   | Noticed Joseph
  8749 | Lair:1   | Reached ***** piety under Jiyva
  8768 | Lair:1   | Killed Joseph
  8977 | Lair:1   | Noticed an obsidian statue
  8983 | Lair:1   | Noticed a sun demon
  8988 | Lair:1   | Killed an obsidian statue
  9179 | Lair:2   | Reached skill level 12 in Unarmed Combat
  9201 | Lair:2   | HP: 1/51 [dream sheep (26)]
  9212 | Lair:2   | Mangled by a dream sheep
  9213 | Lair:2   | Reached XP level 10. HP: -7/48 MP: 11/11
  9213 | Lair:2   | Lost mutation: You passively dampen the noise of your
                  | surroundings. [Jiyva's grace]
  9213 | Lair:2   | Gained mutation: You have a pair of small antennae on your
                  | head. [Jiyva's grace]
  9213 | Lair:2   | Gained mutation: You have a pair of antennae on your head.
                  | [Jiyva's grace]
  9213 | Lair:2   | Gained mutation: You have a pair of large antennae on your
                  | head. (SInv) [Jiyva's grace]
  9213 | Lair:2   | Gained mutation: You have acidic saliva. [Jiyva's grace]
  9259 | Lair:2   | Killed a torpor snail
  9261 | Lair:2   | Reached XP level 11. HP: 47/52 MP: 12/12
  9327 | Lair:2   | Found a staircase to the Snake Pit.
  9403 | Lair:2   | Noticed a boulder beetle
  9414 | Lair:2   | Noticed a death yak
  9430 | Lair:2   | Killed a boulder beetle
  9436 | Lair:2   | Killed a death yak
  9486 | Lair:2   | Reached skill level 13 in Unarmed Combat
  9583 | Lair:2   | Noticed a skyshark
  9597 | Lair:2   | HP: 1/53 [skyshark (7)]
  9602 | Lair:2   | Slain by a skyshark
  9603 | Lair:2   | Reached XP level 10. HP: -1/49 MP: 11/11
  9621 | Lair:2   | Noticed a black mamba
  9632 | Lair:2   | Killed a black mamba
  9634 | Lair:2   | Killed a skyshark
 10303 | Lair:3   | Reached XP level 11. HP: 53/53 MP: 12/12
 10572 | Lair:3   | Reached ****** piety under Jiyva
 10732 | Lair:3   | Found a staircase to the Swamp.
 11012 | Lair:4   | Lost mutation: You have a pair of large antennae on your
                  | head. (SInv) [Jiyva's grace]
 11012 | Lair:4   | Gained mutation: You are somewhat resistant to further
                  | mutation. [Jiyva's grace]
 11012 | Lair:4   | Gained mutation: You are somewhat resistant to both further
                  | mutation and mutation removal. [Jiyva's grace]
 11012 | Lair:4   | Gained mutation: You are almost entirely resistant to
                  | further mutation and mutation removal. [Jiyva's grace]
 11012 | Lair:4   | Gained mutation: Your body has grown eyes which may confuse
                  | attackers. (Acc +3) [Jiyva's grace]
 11075 | Lair:4   | You are sucked into a shaft and drop 1 floor!
 11075 | Lair:5   | Entered Level 5 of the Lair of Beasts
 11129 | Lair:5   | Noticed a catoblepas
 11135 | Lair:5   | Killed a catoblepas
 11329 | Lair:4   | Reached skill level 14 in Unarmed Combat
 11409 | Lair:4   | Reached skill level 10 in Fighting
 11433 | Lair:4   | Gained mutation: Your thick and shaggy fur keeps you warm.
                  | (AC +3, rC+) [Felid growth]
 11433 | Lair:4   | Reached XP level 12. HP: 36/58 MP: 13/13
 11513 | Lair:4   | Found a runed translucent gate.
 11513 | Lair:4   | Found a runed translucent gate.
 11513 | Lair:4   | Found a runed translucent gate.
 11513 | Lair:4   | Noticed Zoekh's ghost (journeyman DsCK)
 11527 | Lair:4   | Noticed a six-headed hydra
 11753 | Lair:4   | Lost mutation: You are almost entirely resistant to further
                  | mutation and mutation removal. [Jiyva's grace]
 11753 | Lair:4   | Lost mutation: You are somewhat resistant to both further
                  | mutation and mutation removal. [Jiyva's grace]
 11753 | Lair:4   | Lost mutation: You have acidic saliva. [Jiyva's grace]
 11753 | Lair:4   | Gained mutation: Your flesh is cold resistant. (rC+)
                  | [Jiyva's grace]
 11753 | Lair:4   | Gained mutation: Your flesh is very cold resistant. (rC++)
                  | [Jiyva's grace]
 11753 | Lair:4   | Gained mutation: Your flesh is almost immune to the effects
                  | of cold. (rC+++) [Jiyva's grace]
 11753 | Lair:4   | Gained mutation: You are agile. (Dex +4, Str/Int -1)
                  | [Jiyva's grace]
 11846 | Lair:4   | Killed a six-headed hydra
 11881 | Lair:4   | Reached skill level 10 in Shapeshifting
 11994 | Lair:4   | Killed Zoekh's ghost
 12050 | Lair:5   | Noticed a four-headed hydra
 12054 | Lair:5   | Noticed a seven-headed hydra
 12084 | Lair:5   | Killed a four-headed hydra
 12290 | Lair:5   | Reached skill level 15 in Unarmed Combat
 12460 | Lair:5   | Killed a seven-headed hydra
 12516 | Lair:5   | Found a viscous altar of Jiyva.
 12522 | Lair:5   | Found a staircase to the Slime Pits.
 12533 | Slime:1  | Entered Level 1 of the Pits of Slime
 12536 | Slime:1  | Noticed an acid blob
 12538 | Slime:1  | Noticed an acid blob
 12541 | Slime:2  | Noticed an acid blob
 12554 | Slime:3  | Noticed an azure jelly
 12555 | Slime:3  | Noticed an azure jelly
 12559 | Slime:3  | Noticed a great orb of eyes
 12562 | Slime:3  | Noticed an acid blob
 12567 | Slime:3  | Noticed an azure jelly
 12567 | Slime:3  | Noticed a great orb of eyes
 12576 | Slime:3  | Noticed a quicksilver ooze
 12585 | Slime:3  | Noticed a quicksilver ooze
 12587 | Slime:4  | Noticed a rockslime
 12605 | Slime:5  | Entered Level 5 of the Pits of Slime
 12623 | Slime:5  | Noticed an acid blob
 12623 | Slime:5  | Noticed an acid blob
 12637 | Slime:5  | Got the Spellbook of Arcane Combat
 12637 | Slime:5  | Noticed a rockslime
 12638 | Slime:5  | Found the +8 demon blade "Leech" {evervamp, Harm Drain rN+}
 12639 | Slime:5  | Noticed a quicksilver ooze
 12641 | Slime:5  | Found a viscous altar of Jiyva.
 12643 | Slime:5  | Noticed an acid blob
 12644 | Slime:5  | Identified the staff "Rieckulu" {rN+ Will+ Tmut Earth}
 12644 | Slime:5  | Noticed an acid blob
 12646 | Slime:5  | Got a slimy rune of Zot
 12647 | Slime:5  | Identified the staff "Cele" {rElec Str+3 Air}
 12656 | Slime:5  | Noticed an acid blob
 12660 | Slime:5  | Identified the +0 rapier of Disintegration {speed, rPois
                  | Int-5 SInv}
 12667 | Slime:5  | Got Gloorx Vloq's Grimoire of Infected Diablerie
 12668 | Slime:5  | Identified the +8 great sword of Lufeuj {flame, rElec rN+
                  | Int+2 Stlth-}
 12668 | Slime:5  | Noticed a quicksilver ooze
 12674 | Slime:5  | Noticed a great orb of eyes
 12776 | Slime:5  | Noticed an azure jelly
 12788 | Slime:5  | Noticed the Royal Jelly
 12897 | Slime:5  | Noticed a rockslime
 13026 | Slime:3  | Noticed an acid blob
 13038 | Slime:4  | Noticed a rockslime
 13742 | Slime:2  | Noticed an azure jelly
 13781 | Slime:2  | Noticed a rockslime
 13805 | Slime:2  | Noticed an acid blob
 14039 | Slime:1  | Noticed a quicksilver ooze
 14067 | Slime:1  | Noticed an acid blob
 14069 | Slime:1  | Noticed an acid blob
 14072 | Slime:1  | Noticed an acid blob
 14074 | Slime:1  | Noticed an azure jelly
 14107 | Slime:1  | Noticed an acid blob
 14329 | Slime:1  | Noticed a quicksilver ooze
 14329 | Slime:1  | Noticed an acid blob
 14745 | Lair:5   | Reached XP level 13. HP: 63/63 MP: 14/14
 14945 | Lair:5   | Slain by a death yak
 14946 | Lair:5   | Reached XP level 12. HP: -1/60 MP: 13/13
 15087 | Lair:5   | Noticed a catoblepas
 15103 | Lair:5   | Killed a death yak
 15117 | Lair:5   | Killed a catoblepas
 15121 | Lair:5   | Killed a death yak
 15122 | Lair:5   | Reached skill level 16 in Unarmed Combat
 15339 | D:10     | Entered Level 10 of the Dungeon
 15402 | D:10     | Found Puexywko's General Store.
 15505 | D:10     | Noticed a two-headed ogre
 15509 | D:10     | Killed a two-headed ogre
 15574 | D:10     | Noticed Josephine
 15586 | D:10     | Killed Josephine
 15701 | D:10     | Found a staircase to the Orcish Mines.
 15701 | D:10     | Lost mutation: You have a pair of antennae on your head.
                  | [Jiyva's grace]
 15701 | D:10     | Lost mutation: You are agile. (Dex +4, Str/Int -1) [Jiyva's
                  | grace]
 15701 | D:10     | Lost mutation: Your flesh is almost immune to the effects
                  | of cold. (rC+++) [Jiyva's grace]
 15701 | D:10     | Lost mutation: Your flesh is very cold resistant. (rC++)
                  | [Jiyva's grace]
 15701 | D:10     | Gained mutation: Your translucent skin slightly reduces
                  | your foes' accuracy. (Stealth+) [Jiyva's grace]
 15701 | D:10     | Gained mutation: Your translucent skin reduces your foes'
                  | accuracy. (Stealth+) [Jiyva's grace]
 15701 | D:10     | Gained mutation: Your transparent skin significantly
                  | reduces your foes' accuracy. (Stealth+) [Jiyva's grace]
 15701 | D:10     | Gained mutation: You possess an exceptional clarity of
                  | mind. [Jiyva's grace]
 15747 | D:10     | Reached skill level 15 in Dodging
 15918 | D:10     | Found Xonam's Assorted Antiques.
 16157 | Orc:1    | Entered Level 1 of the Orcish Mines
 16177 | Orc:1    | Noticed an orc high priest
 16186 | Orc:1    | Killed an orc high priest
 16298 | Orc:2    | Entered Level 2 of the Orcish Mines
 16303 | Orc:2    | Found a staircase to the Elven Halls.
 16314 | Orc:2    | Reached XP level 13. HP: 64/64 MP: 14/14
 16499 | Orc:2    | Found Hexashrauq's Weapon Boutique.
 16499 | Orc:2    | Found Esoful's Book Shop.
 16500 | Orc:2    | Found Zaxewime's Distillery.
 16511 | Orc:2    | Found Enu Iha's Armour Boutique.
 16577 | Orc:2    | Bought a potion of cancellation for 128 gold pieces
 16577 | Orc:2    | Bought a potion of curing for 48 gold pieces
 16577 | Orc:2    | Bought a potion of curing for 48 gold pieces
 16577 | Orc:2    | Bought a potion of heal wounds for 80 gold pieces
 16577 | Orc:2    | Bought a potion of haste for 160 gold pieces
 16616 | Orc:2    | Found a runed translucent door.
 16616 | Orc:2    | Noticed MrSquiggles's ghost (journeyman HuWn)
 16757 | Orc:2    | Found Cuzam's Vocational Training.
 17585 | Orc:2    | Killed MrSquiggles's ghost
 17852 | D:11     | Lost mutation: You are dopey. (Int -2) [Jiyva's grace]
 17852 | D:11     | Lost mutation: Your body has grown eyes which may confuse
                  | attackers. (Acc +3) [Jiyva's grace]
 17852 | D:11     | Lost mutation: Your transparent skin significantly reduces
                  | your foes' accuracy. (Stealth+) [Jiyva's grace]
 17852 | D:11     | Gained mutation: You are agile. (Dex +4, Str/Int -1)
                  | [Jiyva's grace]
 17852 | D:11     | Gained mutation: You are very agile. (Dex +8, Str/Int -2)
                  | [Jiyva's grace]
 17852 | D:11     | Lost mutation: You are somewhat resistant to further
                  | mutation. [Jiyva's grace]
 17852 | D:11     | Gained mutation: You have hidden genetic potential.
                  | [Jiyva's grace]
 17852 | D:11     | Gained mutation: You have great hidden genetic potential.
                  | [Jiyva's grace]
 18494 | D:12     | Reached skill level 17 in Unarmed Combat
 18835 | D:12     | Found Tohenoc's Antique Weapon Shoppe.
 19157 | D:13     | Lost mutation: Your flesh is cold resistant. (rC+) [Jiyva's
                  | grace]
 19157 | D:13     | Lost mutation: You have great hidden genetic potential.
                  | [Jiyva's grace]
 19157 | D:13     | Gained mutation: Your transparent skin significantly
                  | reduces your foes' accuracy. (Stealth+) [Jiyva's grace]
 19157 | D:13     | Gained mutation: You are resistant to electric shocks.
                  | (rElec) [Jiyva's grace]
 19157 | D:13     | Gained mutation: Your mind is acute. (Int +4, Str/Dex -1)
                  | [Jiyva's grace]
 19157 | D:13     | Gained mutation: Your mind is very acute. (Int +8, Str/Dex
                  | -2) [Jiyva's grace]
 19302 | D:13     | Noticed Frances
 19316 | D:13     | Killed Frances
 19547 | D:13     | HP: 3/78 [centaur warrior/arrow (23)]
 19595 | D:13     | Identified the amulet "Huest" {RegenMP rElec rF++ Will-
                  | Dex+3}
 19792 | D:13     | Reached XP level 14. HP: 69/69 MP: 15/15
 20161 | D:14     | Found a gate to the Vaults.
 20191 | D:14     | HP: 4/82 [vault guard/+2 war axe of electrocution (6)]
 20191 | D:14     | Demolished by a vault guard
 20192 | D:14     | Reached XP level 13. HP: -14/78 MP: 14/14
 20505 | D:14     | Found a hazy altar of Hepliaklqana.
 20517 | D:14     | Lost mutation: Your mind is very acute. (Int +8, Str/Dex
                  | -2) [Jiyva's grace]
 20517 | D:14     | Lost mutation: You are resistant to electric shocks.
                  | (rElec) [Jiyva's grace]
 20517 | D:14     | Lost mutation: Your transparent skin significantly reduces
                  | your foes' accuracy. (Stealth+) [Jiyva's grace]
 20517 | D:14     | Lost mutation: You have hidden genetic potential. [Jiyva's
                  | grace]
 20517 | D:14     | Gained mutation: Your flesh is cold resistant. (rC+)
                  | [Jiyva's grace]
 20517 | D:14     | Gained mutation: Your flesh is very cold resistant. (rC++)
                  | [Jiyva's grace]
 20517 | D:14     | Gained mutation: Your flesh is almost immune to the effects
                  | of cold. (rC+++) [Jiyva's grace]
 20517 | D:14     | Gained mutation: Your spells are a little harder to cast,
                  | but a little more powerful. [Jiyva's grace]
 20645 | D:15     | Entered Level 15 of the Dungeon
 20796 | D:15     | Noticed Agnes
 20805 | D:15     | Killed Agnes
 20919 | D:15     | Found a glowing golden altar of the Shining One.
 21102 | D:15     | Found a blossoming altar of Fedhas.
 21173 | D:15     | Found a staircase to the Depths.
 21539 | D:15     | Found a portal to a secret trove of treasure.
 21546 | D:15     | You paid a toll of 7 potions of haste to enter a treasure
                  | trove
 21547 | Trove    | Entered a treasure trove
 21591 | Trove    | Identified the ring of Dim Light {rF+ Will+ Stlth+}
 21801 | Vaults:1 | Entered Level 1 of the Vaults
 21801 | Vaults:1 | Noticed an ironbound preserver
 21806 | Vaults:1 | Killed an ironbound preserver
 21807 | Vaults:1 | Reached XP level 14. HP: 70/70 MP: 15/15
 21830 | Vaults:1 | Noticed a tengu reaver
 21830 | Vaults:1 | Noticed a vault warden
 21831 | Vaults:1 | Killed a vault warden
 21873 | Vaults:1 | Noticed an ironbound preserver
 21895 | Vaults:1 | Killed an ironbound preserver
 21896 | Vaults:1 | Reached skill level 18 in Unarmed Combat
 21957 | Vaults:1 | Noticed an ironbound preserver
 21965 | Vaults:1 | Noticed an ironbound preserver
 21970 | Vaults:1 | Killed an ironbound preserver
 21985 | Vaults:1 | Killed an ironbound preserver
 22006 | Vaults:1 | Noticed an ironbound preserver
 22015 | Vaults:1 | Killed an ironbound preserver
 22075 | Vaults:1 | Noticed a formless jellyfish
 22094 | Vaults:1 | Slain by a dire elephant

Illustrated notes

Levels and vault maps discovered:
D:1:      dpeg_arrival_stonehenge_8_columns, layout_loops_ring,
          nicolae_concentric_dashed_squares_wild
D:2:      layout_loops_corners, minmay_splitting_lines,
          kennysheep_generic_room_13
D:3:      layout_rooms
D:4:      layout_rooms
D:5:      layout_cave_pods, serial_park, serial_park_tiny_pond,
          serial_park_square1 [serial_park_minivault_5x5_7], serial_park_tiny_2,
          serial_park_fountain, serial_park_tiny_pond, uniq_grinder
D:6:      layout_cave_pods, minmay_temple_entry_statues, uniq_maggie
D:7:      layout_basic, enter_bailey_3, uniq_duvessa
D:8:      hellmonk_crumbling_castle, layout_basic
D:9:      layout_cave_pools, lair_entry_dummy, serial_shops,
          nicolae_square_shop, amcnicky_mini_pool_small,
          chequers_serial_rivers_room_b
D:10:     layout_roguey, kennysheep_orc_monster_closet_entryway, serial_shops,
          shop, nicolae_shop_hallway_stairs, nicolae_zen_rock_garden,
          kennysheep_generic_room_14, uniq_josephine
D:11:     layout_cave_pools
D:12:     layout_irregular_city, serial_shops, nicolae_shop_behind_doors
D:13:     layout_irregular_city, uniq_frances
D:14:     layout_stronghold, erik_vaults_2, nzn_hepliaklqana_mist_gate
D:15:     gammafunk_depths_entry_grave, layout_stronghold, tso_metal_star,
          enter_trove_0, fedhas_altar_3, uniq_agnes
Temple:   hellmonk_choose_your_character
Lair:1:   statuecave_lemuel, layout_hall_layers, grunt_megastairs_2, uniq_joseph
Lair:2:   layout_misc_corridors, nicolae_snake_entry_warm_welcome
Lair:3:   layout_concentric_octagons, swamp_mist, lemuel_fruit_fields
Lair:4:   layout_roguey, ebering_ghost_rock_garden, st_stairs_11,
          serial_bayou_shore_b, grunt_megastairs_4
Lair:5:   evilmike_catoblepas_cave, layout_regular_city,
          dpeg_slime_entry_corner, st_stairs_9, chequers_serial_rivers_micro_e,
          nicolae_lair_lindhole
Slime:1:  layout_caves
Slime:2:  layout_caves
Slime:3:  layout_caves, nicolae_slime_round_cave
Slime:4:  layout_caves
Slime:5:  slime_pit_nicolae_amoeboid
Orc:1:    layout_diamond_mine, nicolae_orc_sculptors_studio,
          nicolae_orc_rich_vein
Orc:2:    st_orc_mages, layout_caves, hellmonk_ghost_happy_afterlife,
          nicolae_shop_vocational
Vaults:1: nicolae_vaults_octothorpe, nicolae_vaults_specimen_jars,
          nicolae_vaults_mitosis, v_pattern_5, vaults_room_grunt_arrival_ludios,
          nicolae_vaults_display_case, v_alt_pattern_3, serial_ice_g,
          vaults_mumra_chevron, nicolae_vaults_theta, vaults_room_door_ring,
          vaults_dpeg_diagonal, layout_vaults_ring

Skill      XL: |  1  2  3  4  5  6  7  8  9 10 11 12 13 14 |
---------------+-------------------------------------------+-----
Stealth        | 1 2 3 4 5 6 7 |  7.8
Dodging        | 3 4 5 7 8 10 13 15 16 17 | 17.0
Fighting       | 2 3 5 6 7 10 13 | 13.4
Unarmed Combat | 4 5 6 8 9 11 14 16 17 18 | 18.1
Shapeshifting  | 4 5 6 7 9 10 11 12 | 12.1

Action                     |  1- 3 |  4- 6 |  7- 9 | 10-12 | 13-15 || total
---------------------------+-------+-------+-------+-------+-------++-------
  Melee: Unarmed           |    83 |    92 |   192 |   728 |   610 ||  1705
         Bite              |     6 |     9 |    23 |   103 |    48 ||   189
         Punch             |     2 |     2 |    11 |    67 |    24 ||   106
         Constrict         |       |       |       |       |    58 ||    58
 Invoke: Oozemancy         |       |       |       |     1 |       ||     1
  Evoke: Wand              |       |       |     9 |       |       ||     9
         Box of beasts     |       |       |       |     1 |       ||     1
    Use: Potion            |       |     2 |     9 |     3 |     3 ||    17
         Scroll            |       |       |     8 |     6 |     1 ||    15
   Stab: Sleeping          |    11 |    12 |     7 |    21 |    12 ||    63
         Invisible         |       |       |     3 |       |       ||     3
         Distracted        |       |       |       |     3 |     2 ||     5
         Confused          |       |       |       |     5 |     2 ||     7
         Petrified         |       |       |       |     1 |       ||     1
 Armour: Skin              |     3 |    12 |     5 |    17 |    53 ||    90
  Dodge: Dodged            |    53 |    39 |   159 |   754 |   632 ||  1637
   Form: Anaconda          |       |       |       |       |     1 ||     1

Table legend: (Time is in decaauts)
 A = Elapsed time spent in this place.
 B = Non-inter-level travel time spent in this place.
 C = Inter-level travel time spent in this place.
 D = Time resting spent in this place.
 E = Time spent auto-exploring this place.
 F = Levels seen in this place.
 G = Mean time per level.
                   A        B        C        D        E       F      G
               +--------+--------+--------+--------+--------+-----+--------+
         Total |  18616 |  16372 |   2244 |   1028 |   9486 |  31 |  600.5 |
       Dungeon |  10728 |   9222 |   1506 |    759 |   5525 |  15 |  715.2 |
        Temple |    127 |    123 |      4 |      0 |     77 |   1 |  127.0 |
          Lair |   4094 |   3768 |    326 |    151 |   2066 |   5 |  818.8 |
    Slime Pits |   1580 |   1359 |    221 |      0 |   1166 |   5 |  316.0 |
  Orcish Mines |   1247 |   1062 |    185 |      0 |    496 |   2 |  623.5 |
        Vaults |    268 |    268 |      0 |     14 |    105 |   1 |  268.0 |
         Trove |     82 |     82 |      0 |      0 |      0 |   1 |   82.0 |
        Bailey |    488 |    488 |      0 |    104 |     49 |   1 |  488.0 |
               +--------+--------+--------+--------+--------+-----+--------+

Top non-repeatable levels by time:
  Lair:5: 1048 daAuts
     D:5: 959 daAuts
     D:2: 881 daAuts
    D:14: 872 daAuts
     D:8: 847 daAuts
    D:15: 822 daAuts
     D:6: 816 daAuts
  Lair:4: 807 daAuts
  Lair:2: 792 daAuts
    D:10: 778 daAuts
    D:13: 768 daAuts
   Orc:2: 758 daAuts
  Lair:3: 755 daAuts
     D:1: 705 daAuts
  Lair:1: 691 daAuts
